 Dungeon Crawl Stone Soup version 0.19.5 (webtiles) character file.

102 Kahvikuppo the Skirmisher (level 4, -1/49 HPs)
             Began as an Ogre Berserker on Apr 17, 2017.
             Was a Believer of Trog.
             Killed by nerve-wracking pain
             ... invoked by Lichfox's ghost
              (7 damage)
             ... on level 3 of the Dungeon.
             The game lasted 00:10:51 (1548 turns).

Kahvikuppo the Skirmisher (Ogre Berserker)          Turns: 1548, Time: 00:10:51

Health: -1/49      AC:  3    Str: 22    XL:     4   Next: 77%
Magic:  4/4        EV: 11    Int:  6    God:    Trog [**....]
Gold:   78         SH:  0    Dex: 10    Spells: 0 memorised, 3 levels left

rFire  . . .     SeeInvis .     d - +0 mace (curse)
rCold  + + .     Gourm    .     p - +0 robe (curse)
rNeg   . . .     Faith    .     (no shield)
rPois  +         Spirit   .     (helmet restricted)
rElec  +         Reflect  .     (no cloak)
rCorr  +         Harm     .     (gloves unavailable)
MR     .....                    (boots unavailable)
Stlth  +.........               (no amulet)
                                (no ring)
                                h - ring of ice

@: resistant, very slightly contaminated, hasted, very quick
A: unfitting armour, tough skin 1
a: Berserk, Trog's Hand, Burn Spellbooks, Renounce Religion


You were on level 3 of the Dungeon.
You worshipped Trog.
Trog was pleased with you.
You were not hungry.

You visited 1 branch of the dungeon, and saw 3 of its levels.

You collected 78 gold pieces.

Inventory:

Hand Weapons
 a - a +0 falchion
 d - a cursed +0 mace (weapon)
 n - a +0 mace of protection
 u - a cursed -2 spear
Armour
 b - a +0 animal skin
 l - a +0 pair of gloves
 p - a cursed +0 robe (worn)
 v - a +0 robe
 x - a +0 chain mail
Jewellery
 h - a ring of ice (left hand)
Scrolls
 e - 2 scrolls of remove curse {unknown}
 g - 3 scrolls of identify {unknown}
 j - a scroll of random uselessness {unknown}
 q - a scroll of teleportation {unknown}
 s - a scroll of magic mapping {unknown}
Potions
 f - a potion of curing
 m - a potion of mutation {unknown}
 t - a potion of agility {unknown}
 z - a potion of ambrosia {unknown}
Comestibles
 c - 2 bread rations
 i - a meat ration
 o - a beef jerky
 r - 3 fruits


   Skills:
 + Level 4.9 Fighting
 + Level 2.4 Long Blades
 + Level 2.7 Maces & Flails
 + Level 3.4 Dodging
 + Level 0.2 Stealth


You had 3 spell levels left.
You didn't know any spells.

Dungeon Overview and Level Annotations

Branches:
Dungeon (3/15)

Altars:
Gozag
Hepliaklqana
Trog
The Shining One

Annotations:
D:3 Lichfox's ghost, amateur HuNe


Innate Abilities, Weirdness & Mutations

You are too large for most types of armour.
You have tough skin. (AC +1)


Message History

You sock the worm!
You kill the worm!
Trog accepts your kill.
It was a potion of haste.
You feel yourself speed up.
Lichfox's ghost hits you but does no damage.
You are very lightly contaminated with residual magic.
It was a potion of resistance.
You feel protected.
It was a potion of curing.
You feel better. Lichfox's ghost casts a spell at you.
You barely resist. You barely miss Lichfox's ghost.
Lichfox's ghost says, "Don't worry, I won't let your corpse go to waste."
Lichfox's ghost hits you.
* * * LOW HITPOINT WARNING * * *
You hit Lichfox's ghost.
Lichfox's ghost is lightly damaged.
Lichfox's ghost casts a spell at you. Pain shoots through your body!
You die...

####...## ...
#.#####...##....
#..........#....
#####...........
#...........
#.......####
##.....#....
##...##.###
#@#.....#
#W#.....#.
#.....$....
###.....#.#
#........
###..%..# #.....
#####


You could see Lichfox's ghost.

Vanquished Creatures
  A hound (D:3)
  Jessica (D:3)
  An adder (D:2)
  2 worms (D:3)
  2 orcs (D:3)
  2 giant cockroaches
  3 goblins
  2 hobgoblins
  A jackal (D:1)
  2 quokkas
  3 bats
  4 frilled lizards
  4 kobolds
  2 rats (D:1)
30 creatures vanquished.

Notes
Turn   | Place    | Note
-------+----------+-------------------------------------------
     0 | D:1      | Kahvikuppo the Ogre Berserker began the quest for the Orb.
     0 | D:1      | Reached XP level 1. HP: 24/24 MP: 1/1
   209 | D:1      | Found a glowing golden altar of the Shining One.
   395 | D:1      | Reached XP level 2. HP: 32/32 MP: 2/2
   681 | D:2      | Reached skill level 1 in Maces & Flails
   802 | D:2      | Reached XP level 3. HP: 40/40 MP: 3/3
   922 | D:3      | Noticed Jessica
   923 | D:3      | Found an opulent altar of Gozag.
   930 | D:3      | Killed Jessica
   995 | D:3      | Reached XP level 4. HP: 26/49 MP: 4/4
  1052 | D:3      | Reached ** piety under Trog
  1378 | D:3      | Found a hazy altar of Hepliaklqana.
  1405 | D:3      | Found a bloodstained altar of Trog.
  1408 | D:3      | Found a glowing golden altar of the Shining One.
  1533 | D:3      | Noticed Lichfox's ghost (amateur HuNe)
  1548 | D:3      | Killed from afar by Lichfox's ghost

Skill      XL: |  1  2  3 |
---------------+----------+-----
Maces & Flails | 1 2 |  2.7
Dodging        | 3 |  3.4
Fighting       | |  4.9
Long Blades    | |  2.4
Stealth        | |  0.2

Action                   |  1- 3 |  4- 6 || total
-------------------------+-------+-------++-------
Melee: Mace              |    70 |    35 ||   105
  Use: Potion            |       |     3 ||     3
  Eat: Meat ration       |       |     1 ||     1
Armor: Animal skin       |     8 |       ||     8
       Robe              |     7 |     8 ||    15
Dodge: Dodged            |    59 |     9 ||    68
